 Dungeon Crawl Stone Soup version 0.25.1-2-g60ff931df9 (webtiles) character file.

Game seed: 12895909100060144709

8800 Garessta the Fighter (level 11, -7/87 HPs)
             Began as a Demonspawn Fighter on Oct 16, 2020.
             Was a Priest of Makhleb.
             Mangled by a two-headed ogre
             ... wielding a +0 giant spiked club
              (13 damage)
             ... on level 9 of the Dungeon.
             The game lasted 00:25:08 (8685 turns).

Garessta the Fighter (Demonspawn Fighter)           Turns: 8685, Time: 00:25:08

Health: -7/87      AC: 26    Str: 21    XL:     11   Next: 14%
Magic:  16/16      EV:  9    Int:  9    God:    Makhleb [***...]
Gold:   355        SH: 12    Dex: 12    Spells: 10/10 levels left

rFire    . . .     SeeInvis .   a - +0 war axe
rCold    . . .     Gourm    .   c - +1 kite shield
rNeg     . . .     Faith    .   w - +3 plate armour
rPois    .         Spirit   .   n - +2 hat
rElec    .         Reflect  .   b - +1 cloak
rCorr    .         Harm     .   (no gloves)
MR       .....                  r - +0 pair of boots
Stlth    ..........             (no amulet)
HPRegen  0.24/turn              g - +4 ring of evasion
MPRegen  0.15/turn              E - +4 ring of protection

@: no status effects
A: claws 1, hooves 1, horns 2, demonic guardian 1, screaming 1, spiny 2
a: Minor Destruction, Lesser Servant of Makhleb, Renounce Religion


You were on level 9 of the Dungeon.
You worshipped Makhleb.
Makhleb was most pleased with you.
You were not hungry.

You visited 2 branches of the dungeon, and saw 10 of its levels.

You collected 478 gold pieces.
You spent 123 gold pieces at shops.

Inventory:

Hand Weapons
 a - a +0 war axe (weapon)
Missiles
 i - 12 boomerangs (quivered)
Armour
 b - a +1 cloak (worn)
 c - a +1 kite shield (worn)
 n - a +2 hat (worn)
 r - a +0 pair of boots (worn)
 t - the -1 pair of boots of the Quahog {*Contam rN+++ rCorr Str-5 Stlth+}
   (You found it on level 6 of the Dungeon)

   It affects your strength (-5).
   It renders you almost immune to negative energy.
   It causes magical contamination when unequipped.
   It provides partial protection from all sources of acid and corrosion.
   It makes you more stealthy.
 w - a +3 plate armour (worn)
 y - a +0 tower shield
Jewellery
 g - a +4 ring of evasion (left claw)
 E - a +4 ring of protection (right claw)
Wands
 j - a wand of random effects (4)
 v - a wand of clouds (4)
 F - a wand of flame (23)
Scrolls
 k - 3 scrolls of remove curse
 l - 6 scrolls of teleportation
 u - 4 scrolls of blinking
 A - a scroll of magic mapping
 B - a scroll of identify
Potions
 d - 4 potions of might
 e - 3 potions of stabbing
 h - a potion of haste
 m - a potion of lignification {unknown}
 o - 5 potions of flight
 p - 2 potions of invisibility
 q - 2 potions of brilliance
 s - a potion of magic
 x - 3 potions of curing
 z - a potion of cancellation
 D - a potion of resistance
 G - a potion of ambrosia {unknown}
Comestibles
 f - 18 rations
 C - 10 chunks of flesh


   Skills:
 + Level 8.8 Fighting
 + Level 7.7 Axes
 + Level 8.0 Armour
 + Level 8.1 Shields
 + Level 7.8 Invocations


You had 10 spell levels left.
You didn't know any spells.
Your spell library contained the following spells:

 Spells                   Type           Power        Failure   Level  Hunger
 Animate Skeleton         Necr           N/A          100%        1    ##.....
 Apportation              Tloc           #.....       100%        1    ##.....
 Corona                   Hex            #......      100%        1    ##.....
 Summon Small Mammal      Summ           #...         100%        1    ##.....


Dungeon Overview and Level Annotations

Branches:
Dungeon (9/15)             Temple (1/1) D:5            Lair (0/6) D:8
    Orc: D:9-12

Altars:
Cheibriados
Fedhas
Gozag
Kikubaaqudgha
Makhleb
Nemelex Xobeh
Ru
Xom
Zin
The Shining One
Beogh

Shops:
D:5 ?


Innate Abilities, Weirdness & Mutations

You have sharp fingernails.
You have large cloven feet.
You have a pair of horns on your head.
A weak demonic guardian rushes to your aid.
You are mostly covered in sharp spines.
You occasionally shout uncontrollably at your foes.


Message History

The orc priest looks satisfied for a moment.
You closely miss the two-headed ogre.
The two-headed ogre is severely wounded.
You block the two-headed ogre's attack.
The two-headed ogre hits you with a +0 giant club.
Press: ? - help, v - describe, . - travel
Here: a two-headed ogre, wielding a +0 giant spiked club and a +0 giant club (severely wounded)
The floor.
You slash the two-headed ogre!
The two-headed ogre is almost dead.
Your ufetubus hits the two-headed ogre but does no damage.
Your ufetubus hits the two-headed ogre. The two-headed ogre closely misses you.
The two-headed ogre hits you with a +0 giant club!
* * * LOW HITPOINT WARNING * * *
Your iron imp disappears in a puff of smoke!
Your ufetubus hits the two-headed ogre but does no damage. x2
The two-headed ogre hits you with a +0 giant spiked club!
* * * LOW HITPOINT WARNING * * *
The two-headed ogre hits you with a +0 giant club!
You die...

#.###+#########..
##...
#...............
.......
+.............#
....###
#.............#
...#.#..
#............(#
...#.#._
#....)........# ..
#.≈
#....).....5..#
#..
#...)))....§O.#
##.
....$........o..@+
#.
.................#
#..
...##########....#
...⌠ .. #....#
.... . #....######
### #..........
#.......... .
######.÷........ .
................ .


You could see a two-headed ogre, an orc priest and a friendly ufetubus
(summoned).

Vanquished Creatures
  Gastronok (D:8)
  The ghost of patan the Grappler, a novice TrBe of Trog (D:6)
  A slime creature (D:8)
  2 trolls (D:9)
  3 hippogriffs
  A yak (D:8)
  A basilisk (D:8)
  Grum (D:8)
  A steam dragon (D:7)
  2 orc warriors (D:6)
  2 ice beasts
  4 sky beasts
  2 phantoms
  2 centaurs
  4 wolves (D:8)
  7 ogres
  A crocodile (D:8)
  4 bullfrogs
  Blork the orc (D:5)
  2 big kobolds
  3 scorpions
  5 killer bees (D:9)
  7 wights
  7 crimson imps
  Crazy Yiuf (D:5)
  2 centaur zombies (D:7)
  6 orc priests
  3 bullfrog skeletons (D:7)
  6 jellies
  A gnoll shaman (D:4)
  3 hounds
  5 orc wizards
  A centaur skeleton (D:5)
  4 iguanas
  Natasha (thrice) (D:2)
  8 worker ants
  A hound skeleton (D:5)
  A worker ant zombie (D:5)
  7 gnolls
  A howler monkey skeleton (D:5)
  11 adders
  3 shadow imps
  An ooze (D:8)
  5 adder skeletons
  4 worms
  3 dart slugs
  4 leopard geckos
  33 orcs
  3 ball pythons
  9 bats
  2 giant cockroaches
  8 hobgoblins
  15 jackals
  10 kobolds
  6 quokkas
  12 frilled lizards
  10 goblins
  A leopard gecko skeleton (D:7)
  A quokka skeleton (D:5)
  3 rats
262 creatures vanquished.

Vanquished Creatures (collateral kills)
  A slime creature (D:8)
  Sigmund (D:5)
  A big kobold (D:8)
  A bullfrog (D:6)
  A wight (D:7)
  2 jellies
  A shadow imp (D:6)
  An ooze (D:5)
  3 orcs
  2 jackals
  A kobold (D:8)
15 creatures vanquished.

Vanquished Creatures (others)
  7 fungi (D:8)
  11 toadstools (D:8)
18 creatures vanquished.

Grand Total: 295 creatures vanquished

Notes
Turn   | Place    | Note
-------+----------+-------------------------------------------
     0 | D:1      | Garessta the Demonspawn Fighter began the quest for the
                  | Orb.
     0 | D:1      | Reached XP level 1. HP: 18/18 MP: 1/1
   291 | D:1      | Gained mutation: You have a pair of small horns on your
                  | head. [demonic ancestry]
   291 | D:1      | Reached XP level 2. HP: 24/24 MP: 2/2
   914 | D:1      | Gained mutation: You are partially covered in sharp spines.
                  | [demonic ancestry]
   914 | D:1      | Reached XP level 3. HP: 28/29 MP: 3/3
  1193 | D:2      | Found a shimmering altar of Xom.
  1288 | D:2      | Noticed Natasha
  1298 | D:2      | Killed Natasha
  1298 | D:2      | Gained mutation: You are mostly covered in sharp spines.
                  | [demonic ancestry]
  1298 | D:2      | Reached XP level 4. HP: 29/35 MP: 4/4
  1744 | D:2      | Noticed Natasha
  1750 | D:2      | Killed Natasha
  1992 | D:2      | Found a glowing silver altar of Zin.
  2093 | D:2      | Noticed Natasha
  2098 | D:2      | Killed Natasha
  2098 | D:2      | Gained mutation: A weak demonic guardian rushes to your
                  | aid. [demonic ancestry]
  2098 | D:2      | Reached XP level 5. HP: 42/42 MP: 5/5
  2269 | D:3      | You fall into a shaft and drop 3 floors!
  2270 | D:6      | Noticed an ice beast
  2275 | D:6      | Noticed an ogre
  2317 | D:6      | Killed an ogre
  2317 | D:6      | Reached XP level 6. HP: 47/48 MP: 6/6
  2324 | D:6      | Killed an ice beast
  2349 | D:6      | Noticed an orc warrior
  2392 | D:5      | Entered Level 5 of the Dungeon
  2605 | D:4      | Reached XP level 7. HP: 55/55 MP: 7/7
  2739 | D:4      | Reached skill level 5 in Fighting
  2924 | D:4      | Found a snail-covered altar of Cheibriados.
  2979 | D:3      | Found an opulent altar of Gozag.
  4233 | D:4      | Reached skill level 5 in Shields
  4239 | D:4      | Reached XP level 8. HP: 63/63 MP: 8/8
  4442 | D:5      | Reached skill level 5 in Armour
  4537 | D:5      | Noticed Sigmund
  4543 | D:5      | Killed Sigmund
  4560 | D:5      | Found a runed translucent door.
  4561 | D:5      | Noticed Crazy Yiuf
  4615 | D:5      | Reached skill level 5 in Axes
  4683 | D:5      | Found Buickos's Magic Scroll Shoppe.
  4686 | D:5      | Bought a scroll of identify for 26 gold pieces
  4686 | D:5      | Bought a scroll of identify for 26 gold pieces
  4686 | D:5      | Bought a scroll of magic mapping for 45 gold pieces
  4686 | D:5      | Bought a scroll of identify for 26 gold pieces
  4732 | D:5      | Noticed Blork the orc
  4739 | D:5      | Killed Blork the orc
  4972 | D:5      | Found a staircase to the Ecumenical Temple.
  4991 | Temple   | Entered the Ecumenical Temple
  5011 | Temple   | Became a worshipper of Makhleb the Destroyer
  5113 | D:5      | Killed Crazy Yiuf
  5165 | D:6      | Reached skill level 1 in Invocations
  5353 | D:6      | Gained mutation: You have large cloven feet. [demonic
                  | ancestry]
  5353 | D:6      | Reached XP level 9. HP: 58/71 MP: 10/10
  5364 | D:6      | Reached * piety under Makhleb
  5545 | D:6      | Found a runed translucent gate.
  5545 | D:6      | Noticed patan's ghost (novice TrBe)
  5546 | D:6      | Found a runed translucent gate.
  5546 | D:6      | Found a runed translucent gate.
  5548 | D:6      | Found a roughly hewn altar of Beogh.
  5716 | D:6      | Killed patan's ghost
  5862 | D:6      | Got a pair of warped boots
  5873 | D:6      | Identified the cursed -1 pair of boots of the Quahog
                  | {*Contam rN+++ rCorr Str-5 Stlth+} (You found it on level 6
                  | of the Dungeon)
  5888 | D:6      | Gained mutation: You occasionally shout uncontrollably at
                  | your foes. [mutagenic glow]
  6261 | D:7      | Found a glowing golden altar of the Shining One.
  6625 | D:7      | Reached ** piety under Makhleb
  6628 | D:7      | Reached skill level 5 in Invocations
  6787 | D:8      | Found a staircase to the Lair.
  6801 | D:8      | Gained mutation: You have sharp fingernails. [demonic
                  | ancestry]
  6801 | D:8      | Reached XP level 10. HP: 79/79 MP: 12/14
  7041 | D:8      | Noticed Gastronok
  7250 | D:8      | Killed Gastronok
  7740 | D:8      | Noticed Grum
  7750 | D:8      | Killed Grum
  7886 | D:8      | Reached *** piety under Makhleb
  8420 | D:9      | Gained mutation: You have a pair of horns on your head.
                  | [demonic ancestry]
  8420 | D:9      | Reached XP level 11. HP: 87/87 MP: 16/16
  8579 | D:9      | Found an ancient bone altar of Kikubaaqudgha.
  8666 | D:9      | Noticed a two-headed ogre
  8685 | D:9      | Mangled by a two-headed ogre

Illustrated notes

Levels and vault maps discovered:
D:1:      dpeg_arrival_water_temple_mockup, layout_basic, minmay_tromino_v2
D:2:      layout_loops_ring, nicolae_overflow_crystal_walls,
          nicolae_overflow_hidden_temple, minmay_lizard_pond, uniq_natasha
D:3:      layout_basic, old_standard_altar, first_ration
D:4:      layout_loops_corners, old_standard_altar
D:5:      layout_cave_pools, temple_green, serial_shops, kennysheep_mini_moat,
          uniq_sigmund, uniq_crazy_yiuf_cottage, uniq_blork_the_orc
D:6:      layout_rooms, biasface_ghost_orc_armoury, kennysheep_doodads
D:7:      layout_loops_ring, lemuel_doored_altar
D:8:      cheibrodos_fertilizer, layout_loops_ring, david_lair_generic,
          uniq_gastronok, uniq_grum
D:9:      layout_irregular_city, kiku_gazebo_pond_becter, blue_anna_alchemist
          [blue_anna_fruit_fields, blue_anna_fruit_fields]
Temple:   eino_temple_scatter_basement

Skill      XL: |  1  2  3  4  5  6  7  8  9 10 11 |
---------------+----------------------------------+-----
Axes           | 2 3 4 5 6 7 |  7.7
Shields        | 3 4 5 6 7 8 |  8.1
Armour         | 3 4 5 6 7 8 |  8.0
Fighting       | 4 5 6 7 8 |  8.8
Invocations    | 2 5 7 |  7.8

Action                   |  1- 3 |  4- 6 |  7- 9 | 10-12 || total
-------------------------+-------+-------+-------+-------++-------
Melee: War axe           |   110 |   106 |   348 |   206 ||   770
       Headbutt          |    11 |    15 |    66 |    46 ||   138
Throw: Boomerang         |       |       |       |     6 ||     6
  Use: Scroll            |       |     9 |    13 |       ||    22
       Potion            |       |       |     3 |       ||     3
 Stab: Distracted        |       |       |     2 |     1 ||     3
  Eat: Chunk             |     1 |     5 |    14 |     6 ||    26
Armor: Scale mail        |    58 |     5 |       |       ||    63
       Chain mail        |       |    20 |    52 |       ||    72
       Plate armour      |       |       |    48 |    90 ||   138
Dodge: Dodged            |    39 |    54 |   120 |    63 ||   276
Block: Kite shield       |    63 |    60 |   210 |   117 ||   450
